 Dungeon Crawl Stone Soup version 0.13.1-2-gfb2c2b7 (webtiles) character file.

2916 Kae the Covert (level 9, -3/39 HPs)
             Began as a Spriggan Enchanter on Dec 4, 2013.
             Was a Follower of Vehumet.
             Slain by Gastronok (24 damage)
             ... on Level 8 of the Dungeon.
             The game lasted 00:21:41 (7008 turns).

Kae the Covert (Spriggan Enchanter)                 Turns: 7008, Time: 00:21:41

HP  -3/39        AC  5     Str  7      XL: 9   Next: 31%
MP   2/25        EV 19     Int 16      God: Vehumet [*.....]
Gold 358         SH 11     Dex 17      Spells:  4 memorised,  8 levels left

Res.Fire  : . . .   See Invis. : +   a - +2 dagger {=f}
Res.Cold  : . . .   Warding    : .   b - +1 robe
Life Prot.: . . .   Conserve   : .   y - +0 buckler
Res.Poison: .       Res.Corr.  : .   (helmet restricted)
Res.Elec. : .       Clarity    : .   (no cloak)
Sust.Abil.: . .     Spirit.Shd : .   (gloves unavailable)
Res.Mut.  : .       Stasis     : .   (boots unavailable)
Res.Rott. : .       Flight     : .   (no amulet)
Saprovore : . . .                    l - cursed +2 ring of protection
                                     e - +2 ring of evasion

@: very slightly contaminated, very quick, quite resistant to hostile
enchantments, extremely stealthy
A: unfitting armour, see invisible, herbivore 3, speed 3, slow metabolism 2
a: Renounce Religion


You were on level 8 of the Dungeon.
You worshipped Vehumet.
Vehumet was aware of your devotion.
You were not hungry.

You visited 2 branches of the dungeon, and saw 9 of its levels.

You collected 338 gold pieces.

Inventory:

Hand weapons
 a - a +2,+2 dagger (weapon) {=f}
Missiles
 d - 114 darts (quivered)
Armour
 b - a +1 robe (worn)
 y - a +0 buckler (worn)
Magical devices
 j - a wand of fire (9) {unknown}
 v - a wand of fire (14) {unknown}
Comestibles
 i - 5 bread rations
 w - 8 slices of pizza
 z - 2 pears
 A - 2 apples
 B - an orange
Scrolls
 m - 7 scrolls of remove curse {unknown}
 n - 3 scrolls of noise
 o - a scroll of curse weapon
 p - 4 scrolls of recharging
 q - 6 scrolls of identify
 u - 3 scrolls of fear {unknown}
 x - a scroll of enchant weapon II
 C - a scroll of enchant weapon I
Jewellery
 e - a +2 ring of evasion (left hand)
 g - an uncursed ring of sustain abilities
 l - a cursed +2 ring of protection (right hand)
 E - an uncursed amulet of warding {unknown}
Potions
 f - 3 potions of curing
 h - a potion of degeneration {unknown}
 k - a potion of resistance
 r - a potion of slowing {unknown}
 t - 3 potions of heal wounds {unknown}
 D - a potion of flight {unknown}
Books
 c - a book of Maledictions

   Spells                             Type                      Level
   *Corona                            Hexes                        1
   Sure Blade                         Hexes/Charms                 2
   *Ensorcelled Hibernation           Hexes/Ice                    2
   *Confuse                           Hexes                        3
   Enslavement                        Hexes                        4
   *Invisibility                      Hexes                        6
 s - a Young Poisoner's Handbook

   Spells                             Type                      Level
   Sting                              Conjuration/Poison           1
   Cure Poison                        Poison                       2
   Mephitic Cloud                     Conjuration/Poison/Air       3
   Olgreb's Toxic Radiance            Poison                       4
   Venom Bolt                         Conjuration/Poison           5


   Skills:
 * Level 8.1 Short Blades
 - Level 1.1 Throwing
 - Level 3.0 Dodging
 * Level 11.6 Stealth
 + Level 6.0 Spellcasting
 + Level 7.1 Hexes


You had 8 spell levels left.
You knew the following spells:

 Your Spells              Type           Power        Failure   Level  Hunger
a - Corona                Hex            ####...      1%          1    None
b - Ensorcelled Hibernat  Hex/Ice        ###...       8%          2    None
c - Confuse               Hex            ####....     2%          3    ###....
d - Invisibility          Hex            ####....     96%         6    #######


Dungeon Overview and Level Annotations

Branches:
Dungeon (8/27)             Temple (1/1) D:5             Orc (0/4) D:8
   Lair: D:8-13

Altars:
Ashenzari
Cheibriados
Elyvilon
Fedhas
Kikubaaqudgha
Makhleb
Nemelex Xobeh
Okawaru
Sif Muna
Vehumet
Xom
Yredelemnul
Zin
the Shining One

Shops:
D:8 (

Annotations:
D:8 Dowan, Gastronok, Joseph


Innate Abilities, Weirdness & Mutations

You are tiny and cannot use many weapons and most armour.
You have supernaturally acute eyesight.
You are a herbivore.
You cover ground extremely quickly.
You need consume almost no food.


Message History

Casting: Ensorcelled Hibernation
Confirm with . or Enter, or press ? or * to list all spells.
Aiming: Ensorcelled Hibernation
Press: ? - help, Shift-Dir - straight line, f/p - Gastronok
Aim: Gastronok wearing a wizard hat Gastronok easily resists.
Casting: Ensorcelled Hibernation
Confirm with . or Enter, or press ? or * to list all spells.
Aiming: Confuse
Press: ? - help, Shift-Dir - straight line, f/p - Gastronok
Aim: Gastronok wearing a wizard hat Gastronok appears confused.
Gastronok closely misses you.
You strike the helpless Gastronok from behind!
You perforate Gastronok like a sieve!!!
Gastronok is moderately wounded.
You hit Gastronok but do no damage.
Gastronok is moderately wounded.
Gastronok seems less confused.
Gastronok bites you!
Ouch! That really hurt!
You die...

#############
#...........#
#.#.......#.#
#.#...)..@#.# ##
#.#...∩..j#.#
.#######.........#.#####
....)))......>...........
.#######.................
### ## #.................
#.# #................ #<#
#................. #.#
#...........>j.... #.#


You could see Gastronok.

Vanquished Creatures
  A deep elf fighter (D:8)
  A hungry ghost (D:8)
  A hill giant skeleton (D:8)
  3 orc warriors
  A black bear (D:7)
  An ice beast (D:7)
  A phantom (D:7)
  6 ogres
  2 centaurs
  3 giant frogs (D:7)
  A goliath beetle (D:5)
  6 crimson imps
  2 hounds (D:5)
  2 iguanas
  3 orc wizards
  4 worker ants
  13 adders
  A worm (D:5)
  4 giant eyeballs
  5 giant geckos
  An ooze (D:2)
  11 orcs
  5 ball pythons
  A grey rat (D:8)
  7 hobgoblins
  15 jackals
  6 quokkas
  13 bats
  7 giant cockroaches
  5 giant newts
  8 goblins
  A hobgoblin zombie (D:6)
  18 kobolds
  A kobold skeleton (D:7)
  14 rats
  A butterfly (D:2)
175 creatures vanquished.

Notes
Turn   | Place    | Note
--------------------------------------------------------------
     0 | D:1      | Kae, the Spriggan Enchanter, began the quest for the Orb.
     0 | D:1      | Reached XP level 1. HP: 9/9 MP: 4/4
   139 | D:1      | Reached XP level 2. HP: 13/13 MP: 4/6
   654 | D:1      | Reached skill level 4 in Hexes
   769 | D:1      | Reached XP level 3. HP: 16/16 MP: 7/9
   773 | D:1      | Learned a level 2 spell: Ensorcelled Hibernation
  1278 | D:2      | Reached XP level 4. HP: 9/21 MP: 2/12
  1713 | D:2      | Found a sparkling altar of Nemelex Xobeh.
  1815 | D:2      | Found a white marble altar of Elyvilon.
  1815 | D:2      | Found an ancient bone altar of Kikubaaqudgha.
  1858 | D:3      | Reached skill level 5 in Stealth
  1928 | D:3      | Reached XP level 5. HP: 22/24 MP: 8/15
  2506 | D:3      | Noticed an ogre
  2532 | D:3      | Killed an ogre
  2532 | D:3      | Reached skill level 6 in Stealth
  2652 | D:4      | Reached XP level 6. HP: 28/28 MP: 18/18
  3222 | D:4      | Noticed a centaur
  3227 | D:4      | Killed a centaur
  3299 | D:4      | Noticed an ogre
  3306 | D:4      | Killed an ogre
  3306 | D:4      | Reached skill level 7 in Stealth
  3494 | D:5      | Entered Level 5 of the Dungeon
  3508 | D:5      | Learned a level 3 spell: Confuse
  3531 | D:5      | Reached skill level 5 in Hexes
  3531 | D:5      | Reached XP level 7. HP: 32/32 MP: 7/21
  3721 | D:5      | Reached skill level 5 in Short Blades
  3775 | D:5      | Paralysed by a giant eyeball for 2 turns
  3932 | D:5      | Reached skill level 8 in Stealth
  4059 | D:5      | Found a blossoming altar of Fedhas.
  4151 | D:5      | Found a staircase to the Ecumenical Temple.
  4165 | Temple   | Entered the Ecumenical Temple
  4362 | Temple   | Became a worshipper of Vehumet
  4478 | D:6      | Found a burning altar of Makhleb.
  4478 | D:6      | Noticed an Executioner
  4960 | D:6      | Reached skill level 9 in Stealth
  4960 | D:6      | Reached XP level 8. HP: 36/36 MP: 10/23
  5536 | D:7      | Reached skill level 5 in Spellcasting
  5652 | D:7      | Reached skill level 10 in Stealth
  5787 | D:7      | Acquired Vehumet's first power
  5787 | D:7      | Offered knowledge of Magic Dart by Vehumet.
  6126 | D:8      | Noticed Joseph
  6127 | D:8      | Paralysed by a giant eyeball for 2 turns
  6201 | D:8      | Noticed Dowan
  6342 | D:8      | Reached XP level 9. HP: 39/39 MP: 20/25
  6343 | D:8      | Noticed Gastronok
  6360 | D:8      | Reached skill level 11 in Stealth
  6503 | D:7      | Learned a level 6 spell: Invisibility
  6871 | D:8      | Found a staircase to the Orcish Mines.
  6872 | D:8      | Found Jedued's Weapon Emporium.
  7008 | D:8      | Slain by Gastronok

Action                   |  1- 3 |  4- 6 |  7- 9 || total
-------------------------+-------+-------+-------++-------
Melee: Dagger            |   134 |    93 |   166 ||   393
 Cast: Corona            |    23 |     1 |     5 ||    29
       Ensorcelled Hiber |    12 |    52 |    91 ||   155
       Confuse           |       |       |    15 ||    15
  Use: Potion            |       |     3 |       ||     3
       Scroll            |       |       |    12 ||    12
 Stab: Sleeping          |    20 |    44 |    57 ||   121
       Distracted        |     1 |       |     3 ||     4
       Confused          |       |       |     5 ||     5
